PCL
MILE HIGH BRONCOS @ SAN JOSE MISSIONS
04/13/2029
 
TOP OF THE 1ST
Mile High Broncos batting - Pitching for San Jose Missions : RHP Ralph Williams
Pitching: RHP Ralph Williams
Batting: RHB Edward Williams 0-0: Called Strike
0-1: Called Strike
0-2: Ball
1-2: Ball
2-2: Strikes out swinging
Batting: LHB Jim Knight 0-0: Called Strike
0-1: Called Strike
0-2: Strikes out swinging
Batting: LHB Tony Báez 0-0: Called Strike
0-1: Foul Ball, location: 2F
0-2: Ball
1-2: Ball
2-2: Ground out 4-3 (Groundball, 4)
Top of the 1st over - 0 runs, 0 hits, 0 errors, 0 left on base; Mile High 0 - San Jose 0
BOTTOM OF THE 1ST
San Jose Missions batting - Pitching for Mile High Broncos : RHP Hokusai Nakashima
Pitching: RHP Hokusai Nakashima
Batting: LHB Arturo Rivera 0-0: Ball
1-0: Ball
2-0: Called Strike
2-1: SINGLE (Groundball, 34D)
Batting: RHB Jaime Spiridon 0-0: Called Strike
0-1: Ball
1-1: Ball
2-1: Foul Ball, location: 2F
2-2: DOUBLE (Flyball, 8RXD)
Arturo Rivera to third
Runner from 3rd tries for Home, SAFE, no throw
Batting: RHB Dale Taylor 0-0: Ground out U3 (Groundball, 34S)
Jaime Spiridon to third
Batting: LHB Alberto Gómez 0-0: Swinging Strike
0-1: Ball
1-1: Foul Ball, location: 2F
1-2: Strikes out swinging
Batting: RHB Jorge Díaz 0-0: Called Strike
0-1: Ball
1-1: Swinging Strike
1-2: Ball
2-2: Ball
3-2: Base on Balls
Batting: RHB Ed Starr 0-0: Swinging Strike
0-1: TRIPLE (Flyball, 89XD)
Jaime Spiridon scores
Jorge Díaz scores
Batting: RHB Irwin Duncan 0-0: Called Strike
0-1: Ground out 5-3 (Groundball, 56S)
Bottom of the 1st over - 3 runs, 3 hits, 0 errors, 1 left on base; Mile High 0 - San Jose 3
TOP OF THE 2ND
Mile High Broncos batting - Pitching for San Jose Missions : RHP Ralph Williams
Batting: RHB António Martínez 0-0: Called Strike
0-1: Called Strike
0-2: Ball
1-2: Strikes out swinging
Batting: SHB Michael Field 0-0: Foul Ball, location: 2F
0-1: Called Strike
0-2: Strikes out swinging
Batting: RHB Rodney González 0-0: Ball
1-0: Foul Ball, location: 2F
1-1: Ball
2-1: Called Strike
2-2: Ball
3-2: Strikes out swinging
Top of the 2nd over - 0 runs, 0 hits, 0 errors, 0 left on base; Mile High 0 - San Jose 3
BOTTOM OF THE 2ND
San Jose Missions batting - Pitching for Mile High Broncos : RHP Hokusai Nakashima
Batting: RHB Peyton Pennington 0-0: Called Strike
0-1: Ball
1-1: Ball
2-1: Ball
3-1: Base on Balls
Batting: RHB José Ramos 0-0: Ball
1-0: Ball
Peyton Pennington is caught stealing 2nd base
2-0: Called Strike
2-1: Foul Ball, location: 2F
2-2: Strikes out looking
Batting: LHB Arturo Rivera 0-0: Called Strike
0-1: Ball
1-1: Foul Ball, location: 2F
1-2: Ground out 5-3 (Groundball, 5)
Bottom of the 2nd over - 0 runs, 0 hits, 0 errors, 0 left on base; Mile High 0 - San Jose 3
TOP OF THE 3RD
Mile High Broncos batting - Pitching for San Jose Missions : RHP Ralph Williams
Batting: SHB Tom Stevens 0-0: SINGLE (Flyball, 4D)
Batting: LHB Jesús González 0-0: Ball
1-0: Foul Ball, location: 2F
1-1: Called Strike
1-2: Ball
2-2: Ball
3-2: Foul Ball, location: 2F
3-2: Base on Balls
Tom Stevens to second
Batting: SHB Paco Martínez 0-0: Ball
1-0: Called Strike
1-1: DOUBLE (Line Drive, 78D)
Tom Stevens scores
Jesús González to third
Batting: RHB Edward Williams 0-0: Called Strike
0-1: Ball
1-1: Ball
2-1: Ball
3-1: Base on Balls
Batting: LHB Jim Knight 0-0: Ball
1-0: Ball
2-0: Ball
3-0: Base on Balls
Jesús González scores
Paco Martínez to third
Edward Williams to second
Batting: LHB Tony Báez 0-0: Called Strike
0-1: Ball
1-1: Ball
2-1: Ball
3-1: Called Strike
3-2: Base on Balls
Paco Martínez scores
Edward Williams to third
Jim Knight to second
Batting: RHB António Martínez 0-0: Fly out, F9 (Flyball, 9LM)
Runner from 3rd tags up, SCORES, throw made
Batting: SHB Michael Field 0-0: Ball
1-0: Swinging Strike
1-1: Fly out, F9 (Flyball, 89XD)
Runner from 2nd tags up, SAFE at 3rd, no throw
Batting: RHB Rodney González 0-0: Ball
1-0: Foul Ball, location: 2F
1-1: Ball
2-1: Swinging Strike
2-2: DOUBLE (Line Drive, 8LXD)
Jim Knight scores
Tony Báez to third
Batting: SHB Tom Stevens 0-0: Ball
1-0: Ball
2-0: Ball
3-0: Base on Balls
Batting: LHB Jesús González 0-0: Called Strike
0-1: SINGLE (Flyball, 9LS)
Tony Báez scores
Rodney González to third
Tom Stevens to second
Runner from 3rd tries for Home, SAFE, throw made home
Batting: SHB Paco Martínez 0-0: Foul Ball, location: 2F
0-1: SINGLE (Groundball, 56D)
Tom Stevens to third
Jesús González to second
Runner from 3rd tries for Home, throw and OUT!
Top of the 3rd over - 7 runs, 5 hits, 0 errors, 2 left on base; Mile High 7 - San Jose 3
BOTTOM OF THE 3RD
San Jose Missions batting - Pitching for Mile High Broncos : RHP Hokusai Nakashima
Batting: RHB Jaime Spiridon 0-0: Called Strike
0-1: Swinging Strike
0-2: Ball
1-2: Strikes out swinging
Batting: RHB Dale Taylor 0-0: Ball
1-0: Called Strike
1-1: SINGLE (Groundball, 6D)
Batting: LHB Alberto Gómez 0-0: Foul Ball, location: 2F
0-1: TRIPLE (Flyball, 78XD)
Dale Taylor scores
Batting: RHB Jorge Díaz 0-0: Called Strike
0-1: Ball
1-1: Fly out, F8 (Flyball, 8RS)
Runner from 3rd tags up, SCORES, no throw
Batting: RHB Ed Starr 0-0: Ball
1-0: Foul Ball, location: 2F
1-1: Ball
2-1: Foul Ball, location: 2F
2-2: Foul Ball, location: 2F
2-2: SINGLE (Groundball, 34D)
Batting: RHB Irwin Duncan 0-0: Called Strike
0-1: Ball
1-1: Swinging Strike
1-2: Ball
2-2: Foul Ball, location: 2F
2-2: Fly out, F6 (Line Drive, 6)
Bottom of the 3rd over - 2 runs, 3 hits, 0 errors, 1 left on base; Mile High 7 - San Jose 5
TOP OF THE 4TH
Mile High Broncos batting - Pitching for San Jose Missions : RHP Ralph Williams
Batting: RHB Edward Williams 0-0: Called Strike
0-1: Ground out 1-3 (Groundball, P)
Batting: LHB Jim Knight 0-0: Ball
1-0: Ground out 6-3 (Groundball, 6)
Batting: LHB Tony Báez 0-0: Ball
1-0: Ball
2-0: Called Strike
2-1: Called Strike
2-2: Ball
3-2: Foul Ball, location: 2F
3-2: DOUBLE (Groundball, 5L)
Batting: RHB António Martínez 0-0: Called Strike
0-1: Foul Ball, location: 2F
0-2: Foul Ball, location: 2F
0-2: Ball
1-2: Ball
2-2: Ball
3-2: Strikes out swinging
Top of the 4th over - 0 runs, 1 hit, 0 errors, 1 left on base; Mile High 7 - San Jose 5
BOTTOM OF THE 4TH
San Jose Missions batting - Pitching for Mile High Broncos : RHP Hokusai Nakashima
Batting: RHB Peyton Pennington 0-0: Swinging Strike
0-1: Reached on error, E6 (Groundball, 56)
Batting: RHB José Ramos 0-0: Ball
Peyton Pennington is caught stealing 2nd base
1-0: Ball
2-0: Foul Ball, location: 2F
2-1: Swinging Strike
2-2: Ball
3-2: SINGLE (Groundball, 4D)
Batting: LHB Arturo Rivera 0-0: Ball
1-0: Fly out, F7 (Flyball, 7LSF)
Batting: RHB Jaime Spiridon 0-0: Called Strike
0-1: Ball
1-1: Fielders Choice at 2nd, 5-4 (Groundball, 56)
Bottom of the 4th over - 0 runs, 1 hit, 1 error, 1 left on base; Mile High 7 - San Jose 5
TOP OF THE 5TH
Mile High Broncos batting - Pitching for San Jose Missions : RHP Ralph Williams
Pitching: LHP Morgan O'Day
Batting: SHB Michael Field 0-0: Ball
1-0: Called Strike
1-1: Ball
2-1: Ball
3-1: Swinging Strike
3-2: Foul Ball, location: 2F
3-2: Foul Ball, location: 2F
3-2: Foul Ball, location: 2F
3-2: Base on Balls
Batting: RHB Rodney González 0-0: Ground out 3-1 (Groundball, 34S)
Michael Field to second
Batting: SHB Tom Stevens 0-0: Ball
1-0: Swinging Strike
1-1: Swinging Strike
1-2: Foul Ball, location: 2F
1-2: Foul Ball, location: 2F
1-2: Ball
2-2: Strikes out swinging
Batting: LHB Jesús González 0-0: Called Strike
0-1: Ball
1-1: Fly out, F7 (Line Drive, 78M)
Top of the 5th over - 0 runs, 0 hits, 0 errors, 1 left on base; Mile High 7 - San Jose 5
BOTTOM OF THE 5TH
San Jose Missions batting - Pitching for Mile High Broncos : RHP Hokusai Nakashima
Batting: RHB Dale Taylor 0-0: Ball
1-0: Ball
2-0: Called Strike
2-1: Ball
3-1: SOLO HOME RUN (Flyball, 89D), Distance : 410 ft
Batting: LHB Alberto Gómez 0-0: Ball
1-0: Foul Ball, location: 2F
1-1: Ball
2-1: Fly out, F9 (Flyball, 89S)
Batting: RHB Jorge Díaz 0-0: SINGLE (Groundball, 56D)
Batting: RHB Ed Starr 0-0: Ball
1-0: Ball
2-0: Called Strike
2-1: Called Strike
2-2: Foul Ball, location: 2F
2-2: Ball
3-2: SINGLE (Groundball, 34D)
Jorge Díaz to second
Runner from 2nd tries for 3rd, OUT!
Batting: RHB Irwin Duncan 0-0: Fly out, F7 (Flyball, 78S)
Bottom of the 5th over - 1 run, 3 hits, 0 errors, 1 left on base; Mile High 7 - San Jose 6
TOP OF THE 6TH
Mile High Broncos batting - Pitching for San Jose Missions : LHP Morgan O'Day
Batting: SHB Paco Martínez 0-0: Ball
1-0: Called Strike
1-1: Ball
2-1: Ball
3-1: Foul Ball, location: 2F
3-2: Foul Ball, location: 2F
3-2: Strikes out swinging
Batting: RHB Edward Williams 0-0: Called Strike
0-1: SINGLE (Line Drive, 7S)
Batting: LHB Jim Knight 0-0: Foul Ball, location: 2F
0-1: Ball
1-1: Foul Ball, location: 2F
1-2: Foul Ball, location: 2F
1-2: Fly out, F6 (Popup, 6S)
Batting: LHB Tony Báez 0-0: SINGLE (Groundball, 6MS) (infield hit)
Edward Williams to second
Batting: RHB António Martínez 0-0: Ball
Wild Pitch!
Edward Williams to third
Tony Báez to second
1-0: Called Strike
1-1: Ball
2-1: Ball
3-1: Called Strike
3-2: Strikes out swinging
Top of the 6th over - 0 runs, 2 hits, 0 errors, 2 left on base; Mile High 7 - San Jose 6
BOTTOM OF THE 6TH
San Jose Missions batting - Pitching for Mile High Broncos : RHP Hokusai Nakashima
Batting: RHB Peyton Pennington 0-0: Called Strike
0-1: Ball
1-1: Called Strike
1-2: Fly out, F8 (Flyball, 8RS)
Batting: RHB José Ramos 0-0: Ball
1-0: SINGLE (Line Drive, 7S)
Batting: LHB Arturo Rivera 0-0: Ball
1-0: Called Strike
1-1: Ground out U3 (Groundball, 3L)
José Ramos to second
Batting: RHB Jaime Spiridon 0-0: Ball
1-0: Swinging Strike
1-1: Swinging Strike
1-2: Ball
2-2: Ball
3-2: Fly out, F3 (Popup, 3SF)
Bottom of the 6th over - 0 runs, 1 hit, 0 errors, 1 left on base; Mile High 7 - San Jose 6
TOP OF THE 7TH
Mile High Broncos batting - Pitching for San Jose Missions : LHP Morgan O'Day
Batting: SHB Michael Field 0-0: Ball
1-0: Called Strike
1-1: Foul Ball, location: 2F
1-2: Hit by Pitch
Pitching: RHP Larry West
Pinch Runner at 1st Nick Simmons:
Batting: RHB Rodney González 0-0: Called Strike
Nick Simmons steals 2nd base
0-1: Fly out, F7 (Flyball, 7S)
Batting: SHB Tom Stevens 0-0: Called Strike
0-1: Called Strike
0-2: Strikes out looking
Batting: LHB Jesús González 0-0: Fly out, F7 (Flyball, 78M)
Top of the 7th over - 0 runs, 0 hits, 0 errors, 1 left on base; Mile High 7 - San Jose 6
BOTTOM OF THE 7TH
San Jose Missions batting - Pitching for Mile High Broncos : RHP Hokusai Nakashima
Pitching: RHP Luis De Los Ángeles
Now in LF: Luis Ramos
Batting: RHB Dale Taylor 0-0: Ball
1-0: Ball
2-0: Foul Ball, location: 2F
2-1: Foul Ball, location: 2F
2-2: Ball
3-2: Foul Ball, location: 2F
3-2: Single, Error in OF, E7, batter to second base
Batting: LHB Alberto Gómez 0-0: Called Strike
0-1: Ground out 6-3 (Groundball, 6)
Batting: RHB Jorge Díaz 0-0: Called Strike
0-1: Ground out 5-3 (Groundball, 5)
Batting: RHB Ed Starr 0-0: Foul Ball, location: 2F
0-1: Ball
1-1: Called Strike
1-2: Ball
2-2: Ball
3-2: Foul Ball, location: 2F
3-2: Foul Ball, location: 2F
3-2: Base on Balls
Pinch Hitting: SHB Ángel González 0-0: Ball
1-0: Called Strike
1-1: Ball
2-1: Foul Ball, location: 2F
2-2: Ball
3-2: Foul Ball, location: 2F
3-2: Base on Balls
Dale Taylor to third
Ed Starr to second
Pinch Hitting: RHB Peter Bishop 0-0: Called Strike
0-1: Ball
1-1: Fly out, F9 (Flyball, 89S)
Bottom of the 7th over - 0 runs, 1 hit, 1 error, 3 left on base; Mile High 7 - San Jose 6
TOP OF THE 8TH
Mile High Broncos batting - Pitching for San Jose Missions : RHP Larry West
Now in LF: Chang-geun Kim
Now in RF: Ángel González
Batting: SHB Paco Martínez 0-0: Ball
1-0: Foul Ball, location: 2F
1-1: Ground out U3 (Groundball, 3L)
Batting: RHB Edward Williams 0-0: Ball
1-0: Called Strike
1-1: Fly out, F7 (Line Drive, 7LM)
Batting: LHB Jim Knight 0-0: Foul Ball, location: 2F
0-1: Fly out, F8 (Flyball, 8LM)
Top of the 8th over - 0 runs, 0 hits, 0 errors, 0 left on base; Mile High 7 - San Jose 6
BOTTOM OF THE 8TH
San Jose Missions batting - Pitching for Mile High Broncos : RHP Luis De Los Ángeles
Batting: RHB José Ramos 0-0: Ball
1-0: Ball
2-0: Called Strike
2-1: SINGLE (Groundball, 34D)
Batting: LHB Arturo Rivera 0-0: Bunted foul
0-1: Reached on error, E5 (Groundball, 5S)
José Ramos to second
Batting: RHB Jaime Spiridon 0-0: Bunted foul
0-1: Sac Bunt - play at first, batter OUT! 2-4
José Ramos to third
Arturo Rivera to second
Batting: RHB Dale Taylor 0-0: Ball
1-0: Foul Ball, location: 2F
1-1: Ball
2-1: Ball
3-1: Base on Balls
Batting: LHB Alberto Gómez 0-0: Foul Ball, location: 2F
0-1: Called Strike
0-2: Ball
1-2: Ball
2-2: Strikes out swinging
Batting: RHB Jorge Díaz 0-0: Ball
1-0: Fly out, F9 (Line Drive, 9)
Bottom of the 8th over - 0 runs, 1 hit, 1 error, 3 left on base; Mile High 7 - San Jose 6
TOP OF THE 9TH
Mile High Broncos batting - Pitching for San Jose Missions : RHP Larry West
Batting: LHB Tony Báez 0-0: Ball
1-0: Called Strike
1-1: Foul Ball, location: 2F
1-2: Strikes out swinging
Batting: RHB António Martínez 0-0: Ball
1-0: Ball
2-0: Ball
3-0: Base on Balls
Batting: RHB Luis Ramos 0-0: Foul Ball, location: 2F
0-1: Ball
1-1: Foul Ball, location: 2F
1-2: Strikes out swinging
Batting: RHB Rodney González 0-0: Swinging Strike
0-1: Ground out 4-3 (Groundball, 4)
Top of the 9th over - 0 runs, 0 hits, 0 errors, 1 left on base; Mile High 7 - San Jose 6
BOTTOM OF THE 9TH
San Jose Missions batting - Pitching for Mile High Broncos : RHP Luis De Los Ángeles
Now at 2B: Keith Shaffer
Batting: RHB Ed Starr 0-0: Called Strike
0-1: Called Strike
0-2: Ball
1-2: Foul Ball, location: 2F
1-2: Ball
2-2: Ball
3-2: Strikes out swinging
Batting: SHB Ángel González 0-0: Called Strike
0-1: Ball
1-1: Swinging Strike
1-2: Ball
2-2: Ball
3-2: Fly out, F5 (Popup, 15)
Batting: RHB Chang-geun Kim 0-0: Ball
1-0: SINGLE (Groundball, 2L) (infield hit)
Pinch Runner at 1st Mel Jones:
Pinch Hitting: LHB Pedro Ramos 0-0: Called Strike
0-1: Ball
1-1: Ball
2-1: Ball
3-1: Foul Ball, location: 2F
3-2: Foul Ball, location: 2F
3-2: Base on Balls
Mel Jones to second
Pitching: LHP Jorge García
Pinch Hitting: RHB Lorenzo Mota 0-0: Ball
1-0: Ball
2-0: Fielders Choice at 2nd, U6 (Groundball, 6M)
Bottom of the 9th over - 0 runs, 1 hit, 0 errors, 2 left on base; Mile High 7 - San Jose 6
Saturday, December 16th, 2017 - OOTP Baseball 18.8 Build 76